Construct Infanterie Kompanie
Construct Infanterie Kompanie
Selects Luftwaffe Battlegroup
Infanterie Officer Quarters
Construct Panzergrenadier Kompanie
Construct Panzer Kompanie
Selects Luftwaffe Pioneer Support
Selects LG40 Recoilless Gun Paradrop
Pak 40 Anti-tank Gun Team
Selects Infantry Reserves
Pak 40 Anti-tank Gun Team
Selects Stuka Strafing Run
Selects Fallschirmjäger Squad Paradrop
Selects Fragmentation Bombs